Jets vs Avalanche

Created - December-20-14 at 10:15

Goals
1 2 3 T
Jets 1 0 1 2
Avalanche 0 0 0 0
Shots
1 2 3 T
Jets 16 17 14 47
Avalanche 12 17 8 37

1st period

1. Jets , Anders Lee 8 (Corey Perry, Connor Murphy) at 9:51 (PP)

Penalties :
Christopher Higgins (COL) for Tripping (Minor) at 3:41, Nick Holden (COL) for Hooking (Minor) at 9:25, Anders Lee (WPG) for Roughing (Double Minor) at 10:27

2nd period

No Goal

Penalties :
Kimmo Timonen (WPG) for Boarding (Minor) at 3:40, Sami Vatanen (COL) for Hooking (Minor) at 14:58, Ryane Clowe (COL) for Holding (Minor) at 18:41

3rd period

2. Jets , Anders Lee 9 (Joe Pavelski, Corey Perry) at 18:34

Penalties :
Ryane Clowe (COL) for Hooking (Minor) at 9:56, Nick Holden (COL) for Tripping (Minor) at 14:08, Josh Bailey (WPG) for Interference (Minor) at 16:17

Goalie Stats

Cory Schneider (WPG), 37 saves from 37 shots - (1.000), W, 17-8-1, 60:00 minutes
Antti Niemi (COL), 45 saves from 47 shots - (0.957), L, 9-12-1, 60:00 minutes

Players Stats for Jets

Player Name              G  A  P  +/- PIM S  H  SB GA TA FO     MP     PP MP  PK MP  
------------------------------------------------------------------------------------
Anders Lee               2  0  2   1  4   4  6  0  0  0  1/2    21:52   5:42   0:00 
Andre Benoit             0  0  0   1  0   3  3  0  0  0  0/0    19:58   4:09   1:08 
Boyd Gordon              0  0  0   0  0   0  0  1  0  0  7/20    9:33   0:00   5:56 
Christian Ehrhoff        0  0  0   1  0   1  0  0  0  0  0/0    19:05   4:09   0:15 
Connor Murphy            0  1  1   0  0   2  5  4  0  0  0/0    26:49   6:12   3:05 
Corey Perry              0  2  2   1  0   2  1  0  0  0  0/0    21:53   5:42   0:00 
Jamie Benn               0  0  0   0  0   8  0  0  0  0  17/38  20:39   4:39   1:56 
Jason Garrison           0  0  0   0  0   1  0  0  0  0  0/0     9:29   0:00   0:00 
Joe Pavelski             0  1  1   1  0   12 0  0  0  0  17/28  23:00   5:42   0:05 
Jonathan Ericsson        0  0  0   0  0   0  3  0  0  0  0/0    10:41   0:00   4:52 
Josh Bailey              0  0  0   0  2   1  1  0  0  0  0/1     7:49   0:00   0:00 
Kimmo Timonen            0  0  0   0  2   3  2  0  0  0  0/0    27:12   6:12   3:29 
Matt Moulson             0  0  0   0  0   3  0  0  0  0  2/2    18:43   4:39   0:00 
Matt Read                0  0  0   0  0   3  2  0  0  0  0/2    16:36   0:00   6:11 
Nick Bonino              0  0  0   0  0   1  0  0  0  0  2/9     7:50   0:00   0:00 
Nicklas Grossmann        0  0  0   0  0   0  1  0  0  0  0/0     6:45   0:00   3:05 
Pascal Dupuis            0  0  0   0  0   0  0  0  0  0  0/0     5:23   0:00   1:46 
Troy Brouwer             0  0  0   0  0   3  4  0  0  0  0/2    18:43   4:39   0:00 

Players Stats for Avalanche

Player Name              G  A  P  +/- PIM S  H  SB GA TA FO     MP     PP MP  PK MP  
------------------------------------------------------------------------------------
Boone Jenner             0  0  0  -1  0   0  1  0  0  0  0/0     4:52   0:00   0:09 
Christopher Higgins      0  0  0   0  2   3  4  0  0  0  0/2    21:30   3:36   4:15 
Cody Hodgson             0  0  0   0  0   3  0  0  0  0  11/15  18:01   4:21   0:00 
Derek Stepan             0  0  0   0  0   6  0  0  0  0  21/37  22:37   3:36   5:10 
Jakob Silfverberg        0  0  0   0  0   1  0  0  0  0  1/1     9:28   0:00   0:00 
Keith Yandle             0  0  0   0  0   3  0  2  0  0  0/0    20:04   4:19   1:53 
Kevin Shattenkirk        0  0  0   0  0   3  1  4  0  0  0/0    22:32   3:38   5:18 
Marcel Goc               0  0  0  -1  0   1  0  0  0  0  17/27  19:13   0:00   5:02 
Marcus Johansson         0  0  0   0  0   2  0  0  0  0  1/2    19:16   4:21   1:04 
Markus Granlund          0  0  0  -1  0   1  0  0  0  0  0/0     4:43   0:00   0:00 
Michael Del Zotto        0  0  0  -1  0   1  0  0  0  0  0/0    14:14   0:00   0:00 
Nick Holden              0  0  0  -1  4   0  2  3  0  0  0/0    16:57   0:00   3:58 
Quinton Howden           0  0  0   0  0   3  2  0  0  0  0/2    18:06   3:36   5:02 
Riley Sheahan            0  0  0   0  0   2  2  0  0  0  7/17   18:01   4:21   0:00 
Ryane Clowe              0  0  0   0  4   1  4  0  0  0  0/1    13:49   0:00   0:00 
Sami Vatanen             0  0  0   0  2   3  1  3  0  0  0/0    22:04   4:19   4:10 
Tyson Barrie             0  0  0   0  0   4  4  3  0  0  0/0    22:53   3:38   5:23 
Victor Bartley           0  0  0   0  0   0  0  0  0  0  0/0     1:13   0:00   0:00 

3 Stars

1 - Cory Schneider (WPG)
2 - Anders Lee (WPG)
3 - Antti Niemi (COL)

Power Play

Jets - 1 on 6 Attempt(s) - 16.67%
Avalanche - 0 on 4 Attempt(s) - 0.00%

Penalty Kill

Jets - 4 on 4 Attempt(s) - 100.00% - Score 0 goal in Penalty Kill
Avalanche - 5 on 6 Attempt(s) - 83.33% - Score 0 goal in Penalty Kill

Team Stat

Jets - Hits : 28 - Faceoff Wins : 46 - Blocked Shots : 5 - Penalty Minutes : 8
Avalanche - Hits : 21 - Faceoff Wins : 58 - Blocked Shots : 15 - Penalty Minutes : 12

Official

Referees : Kelly Sutherland and Trevor Hanson
Linesman : Greg Devorski and Lonnie Cameron

Game Notes

No Game Note

Finance

Level 1 -- Attendance: 6500 (100.00%) -- Ticket Income $663,000
Level 2 -- Attendance: 4727 (94.54%) -- Ticket Income $354,525
Level 3 -- Attendance: 3427 (97.91%) -- Ticket Income $188,485
Level 4 -- Attendance: 2007 (100.00%) -- Ticket Income $90,315
Luxury Box -- Attendance: 983 (98.30%) -- Ticket Income $196,600
Game was played at the Pepsi Center'
Total Attendance: 17644 (97.98%)
Total Ticket Income: $1,492,925
Other Income: $223,939
Total Income: $1,716,864

% Time on Ice - Jets

Lines # - Real PCT - Wanted PCT - Time Play
Normal Forward
1 - 39% - 40% - 16:11
2 - 34% - 31% - 14:04
3 - 19% - 19% - 7:50
4 - 9% - 10% - 3:37
Normal Defense
1 - 42% - 43% - 17:32
2 - 35% - 34% - 14:41
3 - 14% - 13% - 5:49
4 - 9% - 10% - 3:40
PP Forward
1 - 55% - 70% - 5:42
2 - 45% - 30% - 4:39
PP Defense
1 - 60% - 70% - 6:12
2 - 40% - 30% - 4:09
PK Forward
1 - 100% - 75% - 7:57
2 - 0% - 25% - 0:00
PK Defense
1 - 61% - 60% - 4:52
2 - 39% - 40% - 3:05
PK3 Forward
1 - 0% - 70%
2 - 0% - 30%
PK3 Defense
1 - 0% - 60%
2 - 0% - 40%
44 Forward
1 - 0% - 60%
2 - 0% - 40%
44 Defense
1 - 0% - 51%
2 - 0% - 49%
Last Minute Offensive  - 0:00
Last Minute Defensive  - 0:00
Total
Forward - 60:00
Defense - 60:00

% Time on Ice - Avalanche

Lines # - Real PCT - Wanted PCT - Time Play
Normal Forward
1 - 33% - 34% - 13:51
2 - 33% - 32% - 13:40
3 - 23% - 24% - 9:28
4 - 11% - 10% - 4:43
Normal Defense
1 - 33% - 34% - 13:36
2 - 33% - 33% - 13:52
3 - 31% - 32% - 13:01
4 - 3% - 1% - 1:13
PP Forward
1 - 45% - 50% - 3:36
2 - 55% - 50% - 4:21
PP Defense
1 - 46% - 50% - 3:38
2 - 54% - 50% - 4:19
PK Forward
1 - 51% - 50% - 5:19
2 - 49% - 50% - 5:02
PK Defense
1 - 49% - 50% - 5:07
2 - 51% - 50% - 5:14
PK3 Forward
1 - 0% - 50%
2 - 0% - 50%
PK3 Defense
1 - 0% - 50%
2 - 0% - 50%
44 Forward
1 - 0% - 50%
2 - 0% - 50%
44 Defense
1 - 0% - 50%
2 - 0% - 50%
Last Minute Offensive  - 0:00
Last Minute Defensive  - 0:00
Total
Forward - 60:00
Defense - 60:00

Play by Play

1st period


0:01 of 1st period - Derek Stepan wins face-off versus Joe Pavelski in neutral zone.
0:17 of 1st period - Shot by Derek Stepan.
0:17 of 1st period - Shot Misses the Net.
0:19 of 1st period - Shot by Kevin Shattenkirk.
0:19 of 1st period - Stopped by Cory Schneider with a rebound.
0:21 of 1st period - Shot by Kevin Shattenkirk.
0:21 of 1st period - Shot Blocked by Connor Murphy.
0:23 of 1st period - Shot by Kevin Shattenkirk.
0:23 of 1st period - Shot Misses the Net.
0:37 of 1st period - Shot by Derek Stepan.
0:37 of 1st period - Shot Blocked by Connor Murphy.
0:39 of 1st period - Shot by Derek Stepan.
0:39 of 1st period - Stopped by Cory Schneider without a rebound.
0:40 of 1st period - Jamie Benn wins face-off versus Riley Sheahan in Jets zone.
0:50 of 1st period - Jamie Benn is hit by Tyson Barrie and loses puck.
1:09 of 1st period - Shot by Jamie Benn.
1:09 of 1st period - Shot Misses the Net.
1:11 of 1st period - Shot by Jamie Benn.
1:11 of 1st period - Stopped by Antti Niemi with a rebound.
1:13 of 1st period - Shot by Jamie Benn.
1:13 of 1st period - Shot Misses the Net.
1:15 of 1st period - Shot by Andre Benoit.
1:15 of 1st period - Deflect By Matt Moulson.
1:15 of 1st period - Stopped by Antti Niemi with a rebound.
1:21 of 1st period - Shot by Matt Moulson.
1:21 of 1st period - Stopped by Antti Niemi with a rebound.
1:23 of 1st period - Shot by Andre Benoit.
1:23 of 1st period - Stopped by Antti Niemi without a rebound.
1:24 of 1st period - Marcel Goc wins face-off versus Nick Bonino in Avalanche zone.
1:24 of 1st period - Marcel Goc is hit by Josh Bailey.
1:29 of 1st period - Nick Holden is hit by Matt Read and loses puck.
2:00 of 1st period - Shot by Josh Bailey.
2:00 of 1st period - Deflect By Nick Bonino.
2:00 of 1st period - Shot Misses the Net.
2:08 of 1st period - Shot by Matt Read.
2:08 of 1st period - Deflect By Nick Bonino.
2:08 of 1st period - Shot Misses the Net.
2:29 of 1st period - Derek Stepan is hit by Jonathan Ericsson and loses puck.
2:59 of 1st period - Off-side.
3:00 of 1st period - Joe Pavelski wins face-off versus Riley Sheahan in neutral zone.
3:09 of 1st period - Joe Pavelski is hit by Tyson Barrie.
3:41 of 1st period - Minor Penalty to Christopher Higgins for Tripping.
3:42 of 1st period - Jamie Benn wins face-off versus Marcel Goc in Avalanche zone.
3:43 of 1st period - Shot by Christian Ehrhoff.
3:43 of 1st period - Stopped by Antti Niemi without a rebound.
3:44 of 1st period - Marcel Goc wins face-off versus Jamie Benn in Avalanche zone.
4:29 of 1st period - Shot by Marcel Goc.
4:29 of 1st period - Stopped by Cory Schneider without a rebound.
4:30 of 1st period - Joe Pavelski wins face-off versus Marcel Goc in Jets zone.
4:51 of 1st period - Shot by Joe Pavelski.
4:51 of 1st period - Shot Misses the Net.
5:35 of 1st period - Shot by Jamie Benn.
5:35 of 1st period - Stopped by Antti Niemi without a rebound.
5:36 of 1st period - Derek Stepan wins face-off versus Jamie Benn in Avalanche zone.
6:08 of 1st period - Shot by Christopher Higgins.
6:08 of 1st period - Stopped by Cory Schneider with a rebound.
6:10 of 1st period - Shot by Michael Del Zotto.
6:10 of 1st period - Stopped by Cory Schneider without a rebound.
6:11 of 1st period - Derek Stepan wins face-off versus Jamie Benn in Jets zone.
7:08 of 1st period - Icing by Corey Perry.
7:09 of 1st period - Joe Pavelski wins face-off versus Quinton Howden in Jets zone.
7:16 of 1st period - Shot by Connor Murphy.
7:16 of 1st period - Stopped by Antti Niemi with a rebound.
7:35 of 1st period - Shot by Joe Pavelski.
7:35 of 1st period - Stopped by Antti Niemi without a rebound.
7:36 of 1st period - Riley Sheahan wins face-off versus Boyd Gordon in Avalanche zone.
7:40 of 1st period - Off-side.
7:41 of 1st period - Jamie Benn wins face-off versus Christopher Higgins in neutral zone.
7:55 of 1st period - Shot by Jamie Benn.
7:55 of 1st period - Stopped by Antti Niemi without a rebound.
7:56 of 1st period - Joe Pavelski wins face-off versus Marcel Goc in Avalanche zone.
7:56 of 1st period - Joe Pavelski is hit by Nick Holden.
8:35 of 1st period - Shot by Corey Perry.
8:35 of 1st period - Shot Misses the Net.
8:56 of 1st period - Icing by Michael Del Zotto.
8:57 of 1st period - Marcel Goc wins face-off versus Boyd Gordon in Avalanche zone.
8:57 of 1st period - Marcel Goc is hit by Matt Read.
9:00 of 1st period - Icing by Michael Del Zotto.
9:01 of 1st period - Marcel Goc wins face-off versus Troy Brouwer in Avalanche zone.
9:01 of 1st period - Marcel Goc is hit by Troy Brouwer.
9:25 of 1st period - Minor Penalty to Nick Holden for Hooking.
9:26 of 1st period - Joe Pavelski wins face-off versus Derek Stepan in Avalanche zone.
9:45 of 1st period - Shot by Corey Perry.
9:45 of 1st period - Shot Blocked by Kevin Shattenkirk.
9:47 of 1st period - Shot by Connor Murphy.
9:47 of 1st period - Shot Misses the Net.
9:49 of 1st period - Shot by Connor Murphy.
9:49 of 1st period - Shot Blocked by Kevin Shattenkirk.
9:51 of 1st period - Shot by Corey Perry.
9:51 of 1st period - Deflect By Anders Lee.
9:51 of 1st period - Goal by Anders Lee - Jets : 1 - Avalanche : 0.
9:52 of 1st period - Riley Sheahan wins face-off versus Jamie Benn in neutral zone.
9:56 of 1st period - Icing by Christian Ehrhoff.
9:57 of 1st period - Jamie Benn wins face-off versus Derek Stepan in Jets zone.
10:23 of 1st period - Shot by Troy Brouwer.
10:23 of 1st period - Stopped by Antti Niemi without a rebound.
10:24 of 1st period - Riley Sheahan wins face-off versus Joe Pavelski in Avalanche zone.
10:24 of 1st period - Riley Sheahan is hit by Anders Lee.
10:27 of 1st period - Double Minor Penalty to Anders Lee for Roughing.
10:28 of 1st period - Cody Hodgson wins face-off versus Boyd Gordon in Jets zone.
10:31 of 1st period - Shot by Riley Sheahan.
10:31 of 1st period - Stopped by Cory Schneider without a rebound.
10:32 of 1st period - Derek Stepan wins face-off versus Boyd Gordon in Jets zone.
10:33 of 1st period - Shot by Kevin Shattenkirk.
10:33 of 1st period - Shot Misses the Net.
10:43 of 1st period - Shot by Tyson Barrie.
10:43 of 1st period - Shot Blocked by Connor Murphy.
10:50 of 1st period - Icing by Tyson Barrie.
10:51 of 1st period - Derek Stepan wins face-off versus Matt Read in Avalanche zone.
10:59 of 1st period - Kevin Shattenkirk is hit by Jonathan Ericsson and loses puck.
11:26 of 1st period - Shot by Derek Stepan.
11:26 of 1st period - Shot Blocked by Boyd Gordon.
11:50 of 1st period - Shot by Keith Yandle.
11:50 of 1st period - Shot Misses the Net.
11:52 of 1st period - Shot by Keith Yandle.
11:52 of 1st period - Shot Misses the Net.
11:54 of 1st period - Shot by Sami Vatanen.
11:54 of 1st period - Stopped by Cory Schneider without a rebound.
11:55 of 1st period - Boyd Gordon wins face-off versus Cody Hodgson in Jets zone.
12:54 of 1st period - Icing by Christopher Higgins.
12:55 of 1st period - Derek Stepan wins face-off versus Boyd Gordon in Avalanche zone.
12:57 of 1st period - Icing by Kevin Shattenkirk.
12:58 of 1st period - Boyd Gordon wins face-off versus Derek Stepan in Avalanche zone.
13:01 of 1st period - Shot by Matt Read.
13:01 of 1st period - Stopped by Antti Niemi without a rebound.
13:02 of 1st period - Boyd Gordon wins face-off versus Christopher Higgins in Avalanche zone.
13:13 of 1st period - Shot by Kevin Shattenkirk.
13:13 of 1st period - Shot Misses the Net.
13:43 of 1st period - Shot by Tyson Barrie.
13:43 of 1st period - Stopped by Cory Schneider without a rebound.
13:44 of 1st period - Cody Hodgson wins face-off versus Jamie Benn in Jets zone.
13:45 of 1st period - Shot by Keith Yandle.
13:45 of 1st period - Shot Misses the Net.
13:47 of 1st period - Shot by Cody Hodgson.
13:47 of 1st period - Stopped by Cory Schneider without a rebound.
13:48 of 1st period - Cody Hodgson wins face-off versus Boyd Gordon in Jets zone.
13:49 of 1st period - Shot by Keith Yandle.
13:49 of 1st period - Stopped by Cory Schneider without a rebound.
13:50 of 1st period - Boyd Gordon wins face-off versus Cody Hodgson in Jets zone.
14:25 of 1st period - Icing by Riley Sheahan.
14:26 of 1st period - Cody Hodgson wins face-off versus Boyd Gordon in Avalanche zone.
14:53 of 1st period - Shot by Joe Pavelski.
14:53 of 1st period - Stopped by Antti Niemi without a rebound.
14:54 of 1st period - Jamie Benn wins face-off versus Derek Stepan in Avalanche zone.
14:54 of 1st period - Connor Murphy is hit by Tyson Barrie and loses puck.
15:10 of 1st period - Off-side.
15:11 of 1st period - Joe Pavelski wins face-off versus Riley Sheahan in neutral zone.
15:16 of 1st period - Shot by Corey Perry.
15:16 of 1st period - Stopped by Antti Niemi with a rebound.
15:31 of 1st period - Kevin Shattenkirk is hit by Anders Lee.
15:37 of 1st period - Shot by Cody Hodgson.
15:37 of 1st period - Stopped by Cory Schneider without a rebound.
15:38 of 1st period - Jamie Benn wins face-off versus Derek Stepan in Jets zone.
15:38 of 1st period - Jamie Benn is hit by Ryane Clowe.
16:31 of 1st period - Icing by Keith Yandle.
16:32 of 1st period - Joe Pavelski wins face-off versus Marcus Johansson in Avalanche zone.
16:33 of 1st period - Shot by Corey Perry.
16:33 of 1st period - Shot Blocked by Tyson Barrie.
16:48 of 1st period - Christian Ehrhoff is hit by Sami Vatanen and loses puck.
17:15 of 1st period - Shot by Christopher Higgins.
17:15 of 1st period - Stopped by Cory Schneider without a rebound.
17:16 of 1st period - Marcel Goc wins face-off versus Nick Bonino in Jets zone.
17:33 of 1st period - Shot by Josh Bailey.
17:33 of 1st period - Stopped by Antti Niemi without a rebound.
17:34 of 1st period - Marcel Goc wins face-off versus Jamie Benn in Avalanche zone.
17:34 of 1st period - Marcel Goc is hit by Troy Brouwer.
18:03 of 1st period - Shot by Troy Brouwer.
18:03 of 1st period - Stopped by Antti Niemi without a rebound.
18:04 of 1st period - Riley Sheahan wins face-off versus Joe Pavelski in Avalanche zone.
Goals for this period are 1 for Jets vs 0 for Avalanche.
Shots for this period are 16 for Jets vs 12 for Avalanche.

2nd period


0:01 of 2nd period - Anders Lee wins face-off versus Derek Stepan in neutral zone.
0:01 of 2nd period - Corey Perry is hit by Ryane Clowe.
0:06 of 2nd period - Shot by Joe Pavelski.
0:06 of 2nd period - Stopped by Antti Niemi with a rebound.
0:14 of 2nd period - Shot by Joe Pavelski.
0:14 of 2nd period - Stopped by Antti Niemi without a rebound.
0:15 of 2nd period - Jamie Benn wins face-off versus Quinton Howden in Avalanche zone.
0:49 of 2nd period - Shot by Jamie Benn.
0:49 of 2nd period - Stopped by Antti Niemi without a rebound.
0:50 of 2nd period - Joe Pavelski wins face-off versus Derek Stepan in Avalanche zone.
1:47 of 2nd period - Shot by Matt Read.
1:47 of 2nd period - Shot Misses the Net.
1:49 of 2nd period - Shot by Boyd Gordon.
1:49 of 2nd period - Shot Misses the Net.
1:51 of 2nd period - Shot by Matt Read.
1:51 of 2nd period - Shot Misses the Net.
2:24 of 2nd period - Nicklas Grossmann is hit by Quinton Howden and loses puck.
2:52 of 2nd period - Icing by Nick Holden.
2:53 of 2nd period - Joe Pavelski wins face-off versus Marcel Goc in Avalanche zone.
3:20 of 2nd period - Icing by Kimmo Timonen.
3:21 of 2nd period - Joe Pavelski wins face-off versus Riley Sheahan in Jets zone.
3:21 of 2nd period - Joe Pavelski is hit by Christopher Higgins.
3:37 of 2nd period - Shot by Cody Hodgson.
3:37 of 2nd period - Shot Misses the Net.
3:39 of 2nd period - Shot by Christopher Higgins.
3:39 of 2nd period - Shot Blocked by Connor Murphy.
3:40 of 2nd period - Minor Penalty to Kimmo Timonen for Boarding.
3:41 of 2nd period - Cody Hodgson wins face-off versus Boyd Gordon in Jets zone.
3:46 of 2nd period - Shot by Riley Sheahan.
3:46 of 2nd period - Shot Misses the Net.
3:54 of 2nd period - Shot by Riley Sheahan.
3:54 of 2nd period - Stopped by Cory Schneider with a rebound.
3:56 of 2nd period - Shot by Riley Sheahan.
3:56 of 2nd period - Shot Misses the Net.
4:04 of 2nd period - Shot by Tyson Barrie.
4:04 of 2nd period - Stopped by Cory Schneider without a rebound.
4:05 of 2nd period - Boyd Gordon wins face-off versus Derek Stepan in Jets zone.
4:38 of 2nd period - Shot by Quinton Howden.
4:38 of 2nd period - Stopped by Cory Schneider without a rebound.
4:39 of 2nd period - Cody Hodgson wins face-off versus Boyd Gordon in Jets zone.
4:42 of 2nd period - Shot by Kevin Shattenkirk.
4:42 of 2nd period - Stopped by Cory Schneider with a rebound.
4:44 of 2nd period - Shot by Riley Sheahan.
4:44 of 2nd period - Deflect By Cody Hodgson.
4:44 of 2nd period - Shot Misses the Net.
4:46 of 2nd period - Shot by Tyson Barrie.
4:46 of 2nd period - Stopped by Cory Schneider without a rebound.
4:47 of 2nd period - Cody Hodgson wins face-off versus Boyd Gordon in Jets zone.
4:48 of 2nd period - Shot by Tyson Barrie.
4:48 of 2nd period - Stopped by Cory Schneider without a rebound.
4:49 of 2nd period - Cody Hodgson wins face-off versus Boyd Gordon in Jets zone.
4:50 of 2nd period - Shot by Marcus Johansson.
4:50 of 2nd period - Stopped by Cory Schneider without a rebound.
4:51 of 2nd period - Cody Hodgson wins face-off versus Boyd Gordon in Jets zone.
5:16 of 2nd period - Shot by Matt Read.
5:16 of 2nd period - Shot Misses the Net.
5:18 of 2nd period - Shot by Nicklas Grossmann.
5:18 of 2nd period - Shot Misses the Net.
5:32 of 2nd period - Jonathan Ericsson is hit by Riley Sheahan and loses puck.
5:48 of 2nd period - Marcel Goc is hit by Kimmo Timonen and loses puck.
6:00 of 2nd period - Quinton Howden is hit by Connor Murphy and loses puck.
6:07 of 2nd period - Shot by Marcel Goc.
6:07 of 2nd period - Deflect By Quinton Howden.
6:07 of 2nd period - Stopped by Cory Schneider without a rebound.
6:08 of 2nd period - Jamie Benn wins face-off versus Marcel Goc in Jets zone.
6:19 of 2nd period - Shot by Matt Moulson.
6:19 of 2nd period - Shot Misses the Net.
6:21 of 2nd period - Shot by Matt Moulson.
6:21 of 2nd period - Shot Misses the Net.
6:33 of 2nd period - Shot by Jamie Benn.
6:33 of 2nd period - Shot Blocked by Tyson Barrie.
6:43 of 2nd period - Shot by Troy Brouwer.
6:43 of 2nd period - Deflect By Jamie Benn.
6:43 of 2nd period - Shot Misses the Net.
6:53 of 2nd period - Shot by Jamie Benn.
6:53 of 2nd period - Stopped by Antti Niemi with a rebound.
7:16 of 2nd period - Off-side.
7:17 of 2nd period - Nick Bonino wins face-off versus Riley Sheahan in neutral zone.
7:30 of 2nd period - Kimmo Timonen is hit by Christopher Higgins and loses puck.
7:38 of 2nd period - Icing by Kimmo Timonen.
7:39 of 2nd period - Derek Stepan wins face-off versus Nick Bonino in Jets zone.
8:22 of 2nd period - Shot by Andre Benoit.
8:22 of 2nd period - Shot Misses the Net.
8:24 of 2nd period - Shot by Anders Lee.
8:24 of 2nd period - Stopped by Antti Niemi without a rebound.
8:25 of 2nd period - Jamie Benn wins face-off versus Riley Sheahan in Avalanche zone.
9:27 of 2nd period - Keith Yandle is hit by Anders Lee and loses puck.
9:52 of 2nd period - Shot by Joe Pavelski.
9:52 of 2nd period - Stopped by Antti Niemi without a rebound.
9:53 of 2nd period - Derek Stepan wins face-off versus Nick Bonino in Avalanche zone.
9:57 of 2nd period - Michael Del Zotto is hit by Connor Murphy and loses puck.
10:05 of 2nd period - Derek Stepan is hit by Connor Murphy and loses puck.
10:28 of 2nd period - Shot by Marcus Johansson.
10:28 of 2nd period - Deflect By Ryane Clowe.
10:28 of 2nd period - Stopped by Cory Schneider without a rebound.
10:29 of 2nd period - Riley Sheahan wins face-off versus Joe Pavelski in Jets zone.
11:01 of 2nd period - Sami Vatanen is hit by Anders Lee and loses puck.
11:08 of 2nd period - Shot by Joe Pavelski.
11:08 of 2nd period - Stopped by Antti Niemi with a rebound.
11:10 of 2nd period - Shot by Joe Pavelski.
11:10 of 2nd period - Stopped by Antti Niemi without a rebound.
11:11 of 2nd period - Jamie Benn wins face-off versus Ryane Clowe in Avalanche zone.
11:15 of 2nd period - Jamie Benn is hit by Tyson Barrie and loses puck.
11:22 of 2nd period - Shot by Matt Moulson.
11:22 of 2nd period - Shot Misses the Net.
11:24 of 2nd period - Shot by Kimmo Timonen.
11:24 of 2nd period - Shot Misses the Net.
11:26 of 2nd period - Shot by Matt Moulson.
11:26 of 2nd period - Stopped by Antti Niemi without a rebound.
11:27 of 2nd period - Marcel Goc wins face-off versus Nick Bonino in Avalanche zone.
11:36 of 2nd period - Shot by Jakob Silfverberg.
11:36 of 2nd period - Stopped by Cory Schneider without a rebound.
11:37 of 2nd period - Jamie Benn wins face-off versus Derek Stepan in Jets zone.
12:00 of 2nd period - Shot by Troy Brouwer.
12:00 of 2nd period - Stopped by Antti Niemi without a rebound.
12:01 of 2nd period - Joe Pavelski wins face-off versus Riley Sheahan in Avalanche zone.
12:11 of 2nd period - Joe Pavelski is hit by Kevin Shattenkirk and loses puck.
12:24 of 2nd period - Shot by Sami Vatanen.
12:24 of 2nd period - Stopped by Cory Schneider without a rebound.
12:25 of 2nd period - Derek Stepan wins face-off versus Jamie Benn in Jets zone.
12:30 of 2nd period - Shot by Derek Stepan.
12:30 of 2nd period - Stopped by Cory Schneider without a rebound.
12:31 of 2nd period - Nick Bonino wins face-off versus Derek Stepan in Jets zone.
12:31 of 2nd period - Nick Bonino is hit by Ryane Clowe.
12:41 of 2nd period - Shot by Derek Stepan.
12:41 of 2nd period - Stopped by Cory Schneider without a rebound.
12:42 of 2nd period - Marcel Goc wins face-off versus Joe Pavelski in Jets zone.
12:47 of 2nd period - Shot by Marcel Goc.
12:47 of 2nd period - Shot Misses the Net.
13:01 of 2nd period - Shot by Joe Pavelski.
13:01 of 2nd period - Stopped by Antti Niemi with a rebound.
13:20 of 2nd period - Shot by Joe Pavelski.
13:20 of 2nd period - Stopped by Antti Niemi without a rebound.
13:21 of 2nd period - Derek Stepan wins face-off versus Jamie Benn in Avalanche zone.
13:21 of 2nd period - Keith Yandle is hit by Troy Brouwer and loses puck.
13:41 of 2nd period - Tyson Barrie is hit by Kimmo Timonen.
13:45 of 2nd period - Shot by Derek Stepan.
13:45 of 2nd period - Stopped by Cory Schneider without a rebound.
13:46 of 2nd period - Riley Sheahan wins face-off versus Josh Bailey in Jets zone.
14:04 of 2nd period - Shot by Matt Read.
14:04 of 2nd period - Stopped by Antti Niemi with a rebound.
14:06 of 2nd period - Shot by Jason Garrison.
14:06 of 2nd period - Stopped by Antti Niemi without a rebound.
14:07 of 2nd period - Joe Pavelski wins face-off versus Derek Stepan in Avalanche zone.
14:08 of 2nd period - Shot by Corey Perry.
14:08 of 2nd period - Shot Misses the Net.
14:10 of 2nd period - Shot by Corey Perry.
14:10 of 2nd period - Stopped by Antti Niemi with a rebound.
14:12 of 2nd period - Shot by Corey Perry.
14:12 of 2nd period - Shot Misses the Net.
14:22 of 2nd period - Shot by Joe Pavelski.
14:22 of 2nd period - Shot Misses the Net.
14:26 of 2nd period - Shot by Joe Pavelski.
14:26 of 2nd period - Shot Misses the Net.
14:28 of 2nd period - Shot by Corey Perry.
14:28 of 2nd period - Deflect By Joe Pavelski.
14:28 of 2nd period - Shot Blocked by Sami Vatanen.
14:34 of 2nd period - Shot by Joe Pavelski.
14:34 of 2nd period - Shot Blocked by Sami Vatanen.
14:36 of 2nd period - Shot by Connor Murphy.
14:36 of 2nd period - Shot Misses the Net.
14:58 of 2nd period - Minor Penalty to Sami Vatanen for Hooking.
14:59 of 2nd period - Marcel Goc wins face-off versus Jamie Benn in Avalanche zone.
14:59 of 2nd period - Marcel Goc is hit by Troy Brouwer.
15:18 of 2nd period - Matt Moulson is hit by Nick Holden and loses puck.
15:33 of 2nd period - Shot by Christian Ehrhoff.
15:33 of 2nd period - Shot Misses the Net.
15:45 of 2nd period - Shot by Jamie Benn.
15:45 of 2nd period - Shot Misses the Net.
16:03 of 2nd period - Shot by Kimmo Timonen.
16:03 of 2nd period - Stopped by Antti Niemi without a rebound.
16:04 of 2nd period - Marcel Goc wins face-off versus Joe Pavelski in Avalanche zone.
16:25 of 2nd period - Shot by Joe Pavelski.
16:25 of 2nd period - Stopped by Antti Niemi with a rebound.
16:39 of 2nd period - Tyson Barrie is hit by Anders Lee and loses puck.
17:02 of 2nd period - Shot by Matt Read.
17:02 of 2nd period - Shot Misses the Net.
17:20 of 2nd period - Shot by Christopher Higgins.
17:20 of 2nd period - Stopped by Cory Schneider with a rebound.
17:22 of 2nd period - Shot by Cody Hodgson.
17:22 of 2nd period - Shot Misses the Net.
17:24 of 2nd period - Shot by Christopher Higgins.
17:24 of 2nd period - Shot Misses the Net.
17:28 of 2nd period - Shot by Cody Hodgson.
17:28 of 2nd period - Stopped by Cory Schneider with a rebound.
17:43 of 2nd period - Icing by Jason Garrison.
17:44 of 2nd period - Marcel Goc wins face-off versus Nick Bonino in Jets zone.
17:59 of 2nd period - Jonathan Ericsson is hit by Boone Jenner and loses puck.
18:25 of 2nd period - Shot by Markus Granlund.
18:25 of 2nd period - Stopped by Cory Schneider without a rebound.
18:26 of 2nd period - Derek Stepan wins face-off versus Jamie Benn in Jets zone.
18:26 of 2nd period - Marcus Johansson is hit by Andre Benoit.
18:41 of 2nd period - Minor Penalty to Ryane Clowe for Holding.
18:42 of 2nd period - Joe Pavelski wins face-off versus Marcel Goc in Avalanche zone.
Goals for this period are 0 for Jets vs 0 for Avalanche.
Shots for this period are 17 for Jets vs 17 for Avalanche.

3rd period


0:01 of 3rd period - Marcel Goc wins face-off versus Anders Lee in neutral zone.
0:09 of 3rd period - Shot by Kimmo Timonen.
0:09 of 3rd period - Stopped by Antti Niemi without a rebound.
0:10 of 3rd period - Joe Pavelski wins face-off versus Marcel Goc in Avalanche zone.
0:20 of 3rd period - Shot by Kimmo Timonen.
0:20 of 3rd period - Shot Blocked by Sami Vatanen.
0:37 of 3rd period - Shot by Joe Pavelski.
0:37 of 3rd period - Stopped by Antti Niemi without a rebound.
0:38 of 3rd period - Derek Stepan wins face-off versus Jamie Benn in Avalanche zone.
1:44 of 3rd period - Shot by Corey Perry.
1:44 of 3rd period - Shot Misses the Net.
1:46 of 3rd period - Shot by Corey Perry.
1:46 of 3rd period - Shot Blocked by Kevin Shattenkirk.
1:48 of 3rd period - Shot by Kimmo Timonen.
1:48 of 3rd period - Stopped by Antti Niemi with a rebound.
1:50 of 3rd period - Shot by Joe Pavelski.
1:50 of 3rd period - Shot Misses the Net.
1:52 of 3rd period - Shot by Anders Lee.
1:52 of 3rd period - Stopped by Antti Niemi without a rebound.
1:53 of 3rd period - Jakob Silfverberg wins face-off versus Jamie Benn in Avalanche zone.
1:58 of 3rd period - Shot by Matt Moulson.
1:58 of 3rd period - Shot Misses the Net.
2:12 of 3rd period - Shot by Matt Moulson.
2:12 of 3rd period - Shot Blocked by Keith Yandle.
2:24 of 3rd period - Troy Brouwer is hit by Quinton Howden and loses puck.
2:36 of 3rd period - Shot by Tyson Barrie.
2:36 of 3rd period - Deflect By Jakob Silfverberg.
2:36 of 3rd period - Shot Misses the Net.
3:28 of 3rd period - Christopher Higgins is hit by Corey Perry and loses puck.
3:34 of 3rd period - Icing by Nick Holden.
3:35 of 3rd period - Riley Sheahan wins face-off versus Nick Bonino in Avalanche zone.
3:39 of 3rd period - Nick Holden is hit by Nicklas Grossmann and loses puck.
3:48 of 3rd period - Shot by Matt Read.
3:48 of 3rd period - Stopped by Antti Niemi with a rebound.
3:50 of 3rd period - Shot by Nick Bonino.
3:50 of 3rd period - Stopped by Antti Niemi without a rebound.
3:51 of 3rd period - Jamie Benn wins face-off versus Derek Stepan in Avalanche zone.
3:55 of 3rd period - Icing by Kevin Shattenkirk.
3:56 of 3rd period - Derek Stepan wins face-off versus Troy Brouwer in Avalanche zone.
4:01 of 3rd period - Shot by Kevin Shattenkirk.
4:01 of 3rd period - Stopped by Cory Schneider without a rebound.
4:02 of 3rd period - Derek Stepan wins face-off versus Joe Pavelski in Jets zone.
4:07 of 3rd period - Shot by Derek Stepan.
4:07 of 3rd period - Stopped by Cory Schneider with a rebound.
4:19 of 3rd period - Shot by Derek Stepan.
4:19 of 3rd period - Shot Misses the Net.
4:27 of 3rd period - Shot by Derek Stepan.
4:27 of 3rd period - Deflect By Marcus Johansson.
4:27 of 3rd period - Stopped by Cory Schneider without a rebound.
4:28 of 3rd period - Jamie Benn wins face-off versus Riley Sheahan in Jets zone.
5:03 of 3rd period - Shot by Matt Moulson.
5:03 of 3rd period - Shot Blocked by Nick Holden.
6:27 of 3rd period - Kimmo Timonen is hit by Ryane Clowe and loses puck.
6:58 of 3rd period - Shot by Quinton Howden.
6:58 of 3rd period - Stopped by Cory Schneider without a rebound.
6:59 of 3rd period - Matt Moulson wins face-off versus Marcel Goc in Jets zone.
7:55 of 3rd period - Kevin Shattenkirk is hit by Jonathan Ericsson and loses puck.
9:02 of 3rd period - Cody Hodgson is hit by Andre Benoit and loses puck.
9:30 of 3rd period - Quinton Howden is hit by Andre Benoit and loses puck.
9:45 of 3rd period - Off-side.
9:46 of 3rd period - Derek Stepan wins face-off versus Jamie Benn in neutral zone.
9:51 of 3rd period - Icing by Troy Brouwer.
9:52 of 3rd period - Marcus Johansson wins face-off versus Jamie Benn in Jets zone.
9:55 of 3rd period - Shot by Derek Stepan.
9:55 of 3rd period - Shot Misses the Net.
9:56 of 3rd period - Minor Penalty to Ryane Clowe for Hooking.
9:57 of 3rd period - Jamie Benn wins face-off versus Derek Stepan in Avalanche zone.
9:58 of 3rd period - Shot by Connor Murphy.
9:58 of 3rd period - Stopped by Antti Niemi without a rebound.
9:59 of 3rd period - Derek Stepan wins face-off versus Jamie Benn in Avalanche zone.
10:10 of 3rd period - Icing by Kimmo Timonen.
10:11 of 3rd period - Derek Stepan wins face-off versus Jamie Benn in Jets zone.
10:24 of 3rd period - Shot by Matt Moulson.
10:24 of 3rd period - Shot Blocked by Kevin Shattenkirk.
10:26 of 3rd period - Shot by Jamie Benn.
10:26 of 3rd period - Stopped by Antti Niemi without a rebound.
10:27 of 3rd period - Marcel Goc wins face-off versus Joe Pavelski in Avalanche zone.
10:33 of 3rd period - Icing by Corey Perry.
10:34 of 3rd period - Joe Pavelski wins face-off versus Marcel Goc in Jets zone.
11:08 of 3rd period - Shot by Joe Pavelski.
11:08 of 3rd period - Stopped by Antti Niemi without a rebound.
11:09 of 3rd period - Derek Stepan wins face-off versus Jamie Benn in Avalanche zone.
11:17 of 3rd period - Icing by Troy Brouwer.
11:18 of 3rd period - Jamie Benn wins face-off versus Derek Stepan in Jets zone.
11:18 of 3rd period - Jamie Benn is hit by Christopher Higgins.
11:28 of 3rd period - Shot by Andre Benoit.
11:28 of 3rd period - Stopped by Antti Niemi without a rebound.
11:29 of 3rd period - Marcel Goc wins face-off versus Joe Pavelski in Avalanche zone.
11:29 of 3rd period - Marcel Goc is hit by Anders Lee.
11:38 of 3rd period - Icing by Connor Murphy.
11:39 of 3rd period - Joe Pavelski wins face-off versus Derek Stepan in Jets zone.
11:39 of 3rd period - Joe Pavelski is hit by Christopher Higgins.
11:51 of 3rd period - Icing by Anders Lee.
11:52 of 3rd period - Joe Pavelski wins face-off versus Derek Stepan in Jets zone.
12:22 of 3rd period - Icing by Kevin Shattenkirk.
12:23 of 3rd period - Marcel Goc wins face-off versus Joe Pavelski in Avalanche zone.
12:39 of 3rd period - Jakob Silfverberg is hit by Connor Murphy and loses puck.
13:51 of 3rd period - Marcus Johansson is hit by Connor Murphy.
13:55 of 3rd period - Shot by Derek Stepan.
13:55 of 3rd period - Stopped by Cory Schneider without a rebound.
13:56 of 3rd period - Jamie Benn wins face-off versus Riley Sheahan in Jets zone.
14:08 of 3rd period - Minor Penalty to Nick Holden for Tripping.
14:09 of 3rd period - Derek Stepan wins face-off versus Jamie Benn in Avalanche zone.
14:23 of 3rd period - Icing by Matt Moulson.
14:24 of 3rd period - Marcel Goc wins face-off versus Jamie Benn in Jets zone.
14:43 of 3rd period - Shot by Matt Moulson.
14:43 of 3rd period - Shot Blocked by Tyson Barrie.
14:59 of 3rd period - Shot by Jamie Benn.
14:59 of 3rd period - Stopped by Antti Niemi without a rebound.
15:00 of 3rd period - Derek Stepan wins face-off versus Joe Pavelski in Avalanche zone.
15:14 of 3rd period - Shot by Christopher Higgins.
15:14 of 3rd period - Shot Misses the Net.
15:56 of 3rd period - Shot by Jamie Benn.
15:56 of 3rd period - Shot Misses the Net.
15:58 of 3rd period - Shot by Troy Brouwer.
15:58 of 3rd period - Deflect By Jamie Benn.
15:58 of 3rd period - Stopped by Antti Niemi without a rebound.
15:59 of 3rd period - Matt Moulson wins face-off versus Marcel Goc in Avalanche zone.
16:00 of 3rd period - Shot by Andre Benoit.
16:00 of 3rd period - Stopped by Antti Niemi without a rebound.
16:01 of 3rd period - Marcel Goc wins face-off versus Jamie Benn in Avalanche zone.
16:17 of 3rd period - Minor Penalty to Josh Bailey for Interference.
16:18 of 3rd period - Cody Hodgson wins face-off versus Matt Read in Jets zone.
16:21 of 3rd period - Shot by Riley Sheahan.
16:21 of 3rd period - Shot Misses the Net.
16:43 of 3rd period - Shot by Keith Yandle.
16:43 of 3rd period - Stopped by Cory Schneider without a rebound.
16:44 of 3rd period - Derek Stepan wins face-off versus Boyd Gordon in Jets zone.
17:50 of 3rd period - Shot by Pascal Dupuis.
17:50 of 3rd period - Shot Blocked by Keith Yandle.
18:00 of 3rd period - Shot by Keith Yandle.
18:00 of 3rd period - Stopped by Cory Schneider without a rebound.
18:01 of 3rd period - Cody Hodgson wins face-off versus Jamie Benn in Jets zone.
18:02 of 3rd period - Shot by Sami Vatanen.
18:02 of 3rd period - Stopped by Cory Schneider without a rebound.
18:03 of 3rd period - Boyd Gordon wins face-off versus Cody Hodgson in Jets zone.
18:03 of 3rd period - Boyd Gordon is hit by Riley Sheahan.
18:14 of 3rd period - Icing by Keith Yandle.
18:15 of 3rd period - Boyd Gordon wins face-off versus Cody Hodgson in Avalanche zone.
18:28 of 3rd period - Shot by Anders Lee.
18:28 of 3rd period - Shot Blocked by Nick Holden.
18:30 of 3rd period - Shot by Anders Lee.
18:30 of 3rd period - Shot Misses the Net.
18:32 of 3rd period - Shot by Joe Pavelski.
18:32 of 3rd period - Shot Blocked by Nick Holden.
18:34 of 3rd period - Shot by Anders Lee.
18:34 of 3rd period - Goal by Anders Lee - Jets : 2 - Avalanche : 0.
18:35 of 3rd period - Jamie Benn wins face-off versus Riley Sheahan in neutral zone.
Goals for this period are 1 for Jets vs 0 for Avalanche.
Shots for this period are 14 for Jets vs 8 for Avalanche.


Output by the SimonT Hockey Simulator (STHS) for Stephane Roy -- Original Page W3C XHTML 1.0 Valid
Hockey Simulator - Hockey Simulation - Hockey Manager